 Dungeon Crawl Stone Soup version 0.29.0-11-gd7f09526c8 (webtiles) character file.

Game seed: 7457778605095111625

22 AttackTheMoon the Shield-Bearer (level 2, -2/21 HPs)
             Began as an Octopode Fighter on Sept 3, 2022.
             Slain by a goblin
             ... wielding a +0 club
             ... led by Robin
              (3 damage)
             ... on level 2 of the Dungeon.
             The game lasted 00:01:36 (1171 turns).

AttackTheMoon the Shield-Bearer (Octopode Fighter)  Turns: 1171, Time: 00:01:37

Health: -2/21      AC:  1    Str: 21    XL:     2   Next: 91%
Magic:  0/2        EV: 14    Int: 10    God:
Gold:   70         SH:  5    Dex: 17    Spells: 1/1 levels left

rFire   . . .      SeeInvis .   a - +0 war axe (spect)
rCold   . . .      Faith    .   b - +0 buckler
rNeg    . . .      Spirit   +   (helmet restricted)
rPois   .          Reflect  .   e - amulet of guardian spirit
rElec   .          Harm     .   g - +6 ring of dexterity
rCorr   .          Rampage  .   j - +6 ring of strength
Will    .....                   (no ring)
Stlth   +++.......              (no ring)
HPRegen 0.07/turn               (no ring)
MPRegen 0.08/turn               (no ring)
                                (no ring)
                                (no ring)

@: no status effects
A: almost no armour, amphibious, 8 rings, camouflage 1, gelatinous body 1,
(nimble swimmer 1), tentacles
a: no special abilities


You were on level 2 of the Dungeon.
You visited 1 branch of the dungeon, and saw 2 of its levels.

You collected 70 gold pieces.

Inventory:

Hand Weapons
 a - a +0 spectral war axe (weapon)
Armour
 b - a +0 buckler (worn)
Jewellery
 e - an amulet of guardian spirit (around mantle)
 g - a +6 ring of dexterity (left tentacle)
 j - a +6 ring of strength (right tentacle)
Scrolls
 k - a scroll of blinking
Potions
 c - 3 potions of might
 d - a potion of cancellation {unknown}
 f - a potion of magic {unknown}


   Skills:
 + Level 3.2 Fighting
 + Level 2.3 Axes
 + Level 3.2 Dodging
 + Level 3.2 Shields


You had one spell level left.
You didn't know any spells.
Your spell library contained the following spells:

 Spells                   Type           Power      Damage    Failure   Level
 Ignite Poison            Fire/Tmut/Pois 0%         N/A       83%         3
 Mephitic Cloud           Conj/Pois/Air  0%         N/A       83%         3
 Freezing Cloud           Conj/Ice/Air   0%         6-21      100%        5


Dungeon Overview and Level Annotations

Branches:
Dungeon (2/15)

Altars:

Shops:
D:1 :*

Annotations:
D:2 Robin


Innate Abilities, Weirdness & Mutations

You cannot wear most types of armour.
You are amphibious.
You can wear up to eight rings at the same time.
Your skin changes colour to match your surroundings (Stealth+).
Your rubbery body absorbs attacks. (AC +1, EV +1)
((You are camouflaged when in or above water. (Stealth+)))
You have tentacles for arms and can constrict up to eight enemies at once.


Message History

You now have 70 gold pieces (gained 6).
A hobgoblin and 3 goblins come into view.
Found a crude ruby amulet.
Found a stone staircase leading up.
The goblin shouts!
You hear a shout! x2
There are monsters nearby!
Robin of the Strong Arm comes into view.
They are wielding a +0 short sword.
No quiver actions available for cycling.
Use [Q] to select from all actions.
Okay, then.
A giant cockroach comes into view.
The goblin shouts!
You hear a shout!
The goblin shouts!
A goblin comes into view. It is wielding a +0 dagger.
The goblin shouts!
You hear a shout!
A goblin comes into view. It is wielding a +0 club.
The goblin closely misses you.
You slash the goblin!
You kill the goblin!
Robin throws the goblin at you! You block the goblin's attack.
The hobgoblin closely misses you. The goblin hits you with a +0 club.
You block the goblin's attack.
You hit the hobgoblin. You grab the hobgoblin.
The hobgoblin is moderately wounded.
You hit the goblin but do no damage. You hit the goblin.
Your +0 spectral war axe hits the goblin.
You constrict the hobgoblin.
The hobgoblin struggles to escape constriction.
A hobgoblin comes into view.
The goblin hits you with a +0 dagger.
A goblin comes into view. It is wielding a +0 dagger.
You swap places.
You release your grip on the hobgoblin.
Robin roars a battlecry!
The goblins go into a battle-frenzy!
A goblin comes into view. It is wielding a +0 club.
The goblin hits you with a +0 club. The goblin barely misses you.
The goblin closely misses you. Robin throws the goblin at you!
The hobgoblin hits you.
* * * LOW HITPOINT WARNING * * *
The goblin hits you with a +0 club.
* * * LOW HITPOINT WARNING * * *
The goblin hits you with a +0 club.
You die...

# #.# # ....#.
...gg.#######.###
...g.§g.g.g......
#..<".gBg@# #####
#####.##g.# ....#
#.##..###.# ###[#
#.........# #.#>#
####..##### #.#.#
#####...# # #.#.#
#.......# # #.#.#
#.###...# # #.#.#
#.# #.###


You could see Robin, a giant cockroach, 2 hobgoblins and 6 goblins.

Vanquished Creatures
  A dart slug (D:1)
  2 bats (D:1)
  3 endoplasms
  3 goblins
  2 hobgoblins
  2 jackals (D:2)
  A ball python (D:2)
  A frilled lizard (D:1)
  A kobold (D:1)
  2 rats
18 creatures vanquished.

Notes
Turn   | Place    | Note
-------+----------+-------------------------------------------
     0 | D:1      | AttackTheMoon the Octopode Fighter began the quest for the
                  | Orb.
     0 | D:1      | Reached XP level 1. HP: 16/16 MP: 1/1
   143 | D:1      | Found Ozunk's Book Shop.
   390 | D:1      | Reached XP level 2. HP: 21/21 MP: 2/2
   496 | D:1      | Found Gyumerr's General Store.
  1164 | D:2      | Noticed Robin
  1171 | D:2      | HP: 1/21 [goblin/+0 club[Robin] (5)]
  1171 | D:2      | Slain by a goblin

Illustrated notes

Levels and vault maps discovered:
D:1:      reono_arrival_mine, layout_loops_cross, serial_shops, shop,
          nicolae_shop_behind_doors
D:2:      layout_loops_ring, uniq_robin

Action                   || total
-------------------------++-------
Melee: War axe           ||    33
       Constrict         ||     7
       Punch             ||     1
       Tentacles         ||     3
  Use: Scroll            ||     4
 Stab: Sleeping          ||     5
Armor: Skin              ||     1
Dodge: Dodged            ||    21
Block: Buckler           ||    10
